[Event "ICC tourney 1944 (30 5)"]
[Site "Internet Chess Club"]
[Date "2020.08.01"]
[Round "1"]
[White "jvihaan"]
[Black "MonkeyTown"]
[Result "0-1"]
[ICCResult "White checkmated"]
[WhiteElo "1283"]
[BlackElo "1420"]
[Opening "Petrov: Nimzovich attack"]
[ECO "C42"]
[NIC "RG.03"]
[Time "12:10:20"]
[TimeControl "1800+5"]

1. e4 e5 2. Nf3 Nf6 3. Nxe5 d6 4. Nf3 Nxe4 5. Nc3 Nxc3 6. dxc3 Be7 7. Be3
Nd7 8. Qd2 Nf6 9. Bd3 O-O 10. O-O Bg4 11. Nd4 d5 12. h3 Bh5 13. Nf5 Re8 14.
Nxe7+ Qxe7 15. Rfe1 Qd6 16. Bf4 Qc6 17. a4 a6 18. b4 Rad8 19. b5 axb5 20.
Rxe8+ Qxe8 21. Re1 Qd7 22. Bxb5 c6 23. Be2 Ne4 24. Qd3 Bg6 25. f3 Nc5 26.
Qd4 Ne6 27. Qd2 Nxf4 28. Qxf4 Bxc2 29. Bd1 Bg6 30. Bb3 Kf8 31. Rd1 Qd6 32.
Qd4 Qa3 33. Qb4+ Qxb4 34. cxb4 Re8 35. Kf2 Ke7 36. b5 Kd6 37. bxc6 bxc6 38.
Re1 Rxe1 39. Kxe1 Kc5 40. Kd2 Kb4 41. Bd1 c5 42. Ke3 d4+ 43. Kd2 c4 44. g4
c3+ 45. Kc1 d3 46. f4 d2# {White checkmated} 0-1

[Event "ICC tourney 1944 (30 5)"]
[Site "Internet Chess Club"]
[Date "2020.08.01"]
[Round "1"]
[White "Threehundreds"]
[Black "rpughiii"]
[Result "1-0"]
[ICCResult "Black resigns"]
[WhiteElo "1493"]
[BlackElo "1310"]
[Opening "Philidor: Improved Hanham variation"]
[ECO "B07"]
[NIC "PU.08"]
[Time "12:10:22"]
[TimeControl "1800+5"]

1. e4 d6 2. d4 Nf6 3. Nc3 Nbd7 4. Nf3 e5 5. dxe5 dxe5 6. Bc4 h6 7. O-O c6 8.
a3 Bc5 9. h3 O-O 10. Re1 Qe7 11. Be3 Rd8 12. Qe2 Nf8 13. Rad1 Bd7 14. Bxf7+
Kxf7 15. Qc4+ Ne6 16. Nxe5+ {Black resigns} 1-0

[Event "ICC tourney 1944 (30 5)"]
[Site "Internet Chess Club"]
[Date "2020.08.01"]
[Round "1"]
[White "che8642"]
[Black "yogokings12"]
[Result "0-1"]
[ICCResult "White checkmated"]
[WhiteElo "1397"]
[BlackElo "1531"]
[Opening "Queen's pawn game"]
[ECO "D00"]
[NIC "QP.07"]
[Time "12:10:31"]
[TimeControl "1800+5"]

1. d4 Nf6 2. Nc3 d5 3. Bf4 c6 4. e3 g6 5. Bd3 Bg7 6. Nf3 Bg4 7. h3 Bxf3 8.
Qxf3 Nbd7 9. O-O-O b5 10. h4 h5 11. e4 dxe4 12. Nxe4 O-O 13. Nxf6+ Nxf6 14.
Be5 Qd5 15. Qxd5 Nxd5 16. Bxg7 Kxg7 17. g3 e6 18. a3 a5 19. Rhe1 b4 20. axb4
axb4 21. Bc4 Ra5 22. Kd2 Nb6 23. Bb3 Rd8 24. Ke2 Nd5 25. Kf1 Rda8 26. Bc4
Kf6 27. Kg2 Ke7 28. Kf3 Kd6 29. Rd3 Nb6 30. Bb3 Rf5+ 31. Kg2 Raa5 32. c3
bxc3 33. Rxc3 c5 34. dxc5+ Rfxc5 35. Rd1+ Nd5 36. Rcd3 Rab5 37. Ra1 Ke5 38.
Ra7 Kf6 39. Rf3+ Ke5 40. Raxf7 Rc7 41. Rxc7 Nxc7 42. Rc3 Nd5 43. Rc2 Rxb3
44. Re2+ Kd6 45. Rc2 e5 46. f3 Ne3+ 47. Kf2 Nxc2 48. Ke2 Rxb2 49. Kd3 Nd4
50. Ke3 Rb3+ 51. Kf2 Rxf3+ 52. Kg2 e4 53. Kh3 e3 54. Kg2 e2 55. Kh3 e1=Q 56.
Kh2 Qxg3+ 57. Kh1 Rf1# {White checkmated} 0-1

[Event "ICC tourney 1944 (30 5)"]
[Site "Internet Chess Club"]
[Date "2020.08.01"]
[Round "1"]
[White "soggydollar"]
[Black "Oliver0731"]
[Result "1-0"]
[ICCResult "Black resigns"]
[WhiteElo "1427"]
[BlackElo "1372"]
[Opening "Ruy Lopez: Berlin defense, Beverwijk variation"]
[ECO "C65"]
[NIC "RL.07"]
[Time "12:10:20"]
[TimeControl "1800+5"]

1. e4 e5 2. Nf3 Nc6 3. Bb5 Nf6 4. O-O Bc5 5. c3 Nxe4 6. d4 exd4 7. cxd4 Bb6
8. Re1 d5 9. Ne5 O-O 10. Bxc6 bxc6 11. f3 Qf6 12. Be3 Ng5 13. Qc1 h6 14.
Qxc6 Qxc6 15. Nxc6 Bb7 16. Ne7+ Kh8 17. Nc3 Ne6 18. Nexd5 Bxd4 19. Bxd4 Nxd4
20. Re7 Bxd5 21. Nxd5 c6 22. Nf4 Nf5 23. Rc7 g5 24. Nd3 Rfd8 25. Ne5 f6 26.
Nf7+ Kg8 27. Nxd8 Rxd8 28. Rxc6 Rd2 29. Rac1 Nd4 30. Rc8+ Kg7 31. R1c7+ Kg6
32. Rxa7 Rxb2 33. Ra6 Ne2+ 34. Kf1 Kg7 35. Rc7+ Kg6 36. Rcc6 Nf4 37. Rxf6+
Kg7 38. Rfb6 {Black resigns} 1-0

[Event "ICC tourney 1944 (30 5)"]
[Site "Internet Chess Club"]
[Date "2020.08.01"]
[Round "1"]
[White "Queen4aKing"]
[Black "wulovechess"]
[Result "0-1"]
[ICCResult "White checkmated"]
[WhiteElo "1179"]
[BlackElo "1518"]
[Opening "Ruy Lopez: Möller defense"]
[ECO "C78"]
[NIC "RL.12"]
[Time "12:10:22"]
[TimeControl "1800+5"]

1. e4 e5 2. Nf3 Nc6 3. Bb5 a6 4. Ba4 Nf6 5. O-O Bc5 6. Nxe5 Nxe5 7. d4 Nxe4
8. dxc5 Nxc5 9. Re1 O-O 10. Bb3 d6 11. Nc3 Bf5 12. Bf4 Re8 13. Qd2 c6 14.
Rac1 b5 15. Rcd1 Bg4 16. f3 Bxf3 17. Bxe5 Bxd1 18. Rxd1 Rxe5 19. Qf2 Qe8 20.
Rf1 Nxb3 21. axb3 f6 22. Qg3 Qf7 23. Qf3 Rc8 24. Ne4 Qe6 25. Ng3 Re3 26. Qf4
Re1 27. Qf2 Re5 28. Qb6 Re8 29. Qxc6 Re1 30. Qf3 Rxf1+ 31. Nxf1 Qe1 32. Qh5
Re5 33. Qg4 h6 34. c3 Qe4 35. Qc8+ Kh7 36. Qxa6 Rg5 37. Ng3 Qe1+ 38. Nf1 Rf5
39. Qxb5 Qf2+ 40. Kh1 Qxf1+ 41. Qxf1 Rxf1# {White checkmated} 0-1

[Event "ICC tourney 1944 (30 5)"]
[Site "Internet Chess Club"]
[Date "2020.08.01"]
[Round "1"]
[White "Luc2008"]
[Black "Aqualime"]
[Result "1-0"]
[ICCResult "Black checkmated"]
[WhiteElo "1520"]
[BlackElo "1391"]
[Opening "Réti opening"]
[ECO "A05"]
[NIC "QP.11"]
[Time "12:10:21"]
[TimeControl "1800+5"]

1. Nf3 Nf6 2. b3 d5 3. Bb2 c5 4. e3 Nc6 5. Bb5 Bd7 6. O-O e6 7. c4 a6 8.
Bxc6 Bxc6 9. d4 Bd6 10. Nc3 O-O 11. dxc5 Bxc5 12. Ne5 Qc7 13. Nxc6 bxc6 14.
cxd5 cxd5 15. Na4 Ne4 16. Rc1 Qa7 17. Nxc5 Nxc5 18. Qd4 f6 19. Qxc5 Qf7 20.
Ba3 e5 21. Qc7 Qxc7 22. Rxc7 Rfd8 23. Rd1 a5 24. g3 a4 25. Be7 Rdb8 26. Rxd5
axb3 27. axb3 Rxb3 28. Rdd7 Kh8 29. Rd8+ Rxd8 30. Bxd8 Rb8 31. Rd7 e4 32.
Kg2 f5 33. Bc7 Rc8 34. Rd8+ Rxd8 35. Bxd8 g6 36. f3 exf3+ 37. Kxf3 Kg7 38.
Kf4 Kh6 39. Bg5+ Kg7 40. Ke5 Kf7 41. h3 Kg7 42. Ke6 h6 43. Bf4 h5 44. h4 Kh7
45. Kf7 Kh8 46. Kxg6 Kg8 47. Kxf5 Kf7 48. Kg5 Ke6 49. Kxh5 Kf5 50. Kh6 Kg4
51. h5 Kf5 52. Kg7 Kg4 53. h6 Kf5 54. Bg5 Ke5 55. h7 Kf5 56. h8=Q Ke5 57.
Kf7+ Kf5 58. Qf6+ Ke4 59. Qf4+ Kd5 60. Qd4+ Kc6 61. e4 Kb5 62. Qc3 Kb6 63.
e5 Kb5 64. e6 Kb6 65. e7 Ka6 66. Qb3 Ka5 67. e8=Q Ka6 68. Qa8#
{Black checkmated}
1-0

[Event "ICC tourney 1944 (30 5)"]
[Site "Internet Chess Club"]
[Date "2020.08.01"]
[Round "1"]
[White "AbruptFir"]
[Black "stgummadi"]
[Result "0-1"]
[ICCResult "White resigns"]
[WhiteElo "1301"]
[BlackElo "1562"]
[Opening "QGD: 4.Nf3"]
[ECO "D37"]
[NIC "QO.16"]
[Time "12:10:24"]
[TimeControl "1800+5"]

1. d4 d5 2. c4 e6 3. Nc3 Nf6 4. Nf3 Nbd7 5. Bg5 Bd6 6. cxd5 exd5 7. Nxd5 Be7
8. Nc3 h6 9. Bh4 O-O 10. e3 c6 11. Bd3 Qb6 12. Qc2 Re8 13. O-O Qc7 14. Bg3
Bd6 15. Nb5 cxb5 16. Qxc7 Bxc7 17. Bxc7 a6 18. Bg3 Nf8 19. Rac1 Bd7 20. Rc7
Bc6 21. Ne5 Ne6 22. Rxf7 Ng5 23. Bg6 Re6 24. Bf5 Ree8 25. Rc7 Nd5 26. Rxc6
bxc6 27. Bd7 Red8 28. Bxc6 Ra7 29. Re1 Nb4 30. a3 Nd5 31. f4 Ne4 32. Bh4 Rd6
33. Kf1 Rc7 34. Ke2 Nef6 35. Bxd5+ Nxd5 36. Kd3 b4 37. Rf1 bxa3 38. Nc4 axb2
39. Nxd6 Rc3+ 40. Ke4 Rc1 41. Rxc1 bxc1=Q 42. Kxd5 Qxe3 {White resigns} 0-1

[Event "ICC tourney 1944 (30 5)"]
[Site "Internet Chess Club"]
[Date "2020.08.01"]
[Round "1"]
[White "rthurc2"]
[Black "tortorchess"]
[Result "1/2-1/2"]
[ICCResult "Game drawn by mutual agreement"]
[WhiteElo "1588"]
[BlackElo "1457"]
[Opening "Sicilian: Labourdonnais-Löwenthal (Kalashnikov) variation"]
[ECO "B32"]
[NIC "SI.32"]
[Time "12:11:13"]
[TimeControl "1800+5"]

1. e4 c5 2. Nf3 Nc6 3. d4 cxd4 4. Nxd4 e5 5. Nb5 d6 6. N1c3 a6 7. Na3 Be7 8.
Nd5 Nf6 9. Nxf6+ Bxf6 10. Nc4 Be7 11. Be3 Be6 12. Bd3 O-O 13. O-O Nb4 14.
Nb6 Rb8 15. Nd5 Nxd5 16. exd5 Bxd5 17. Bxh7+ Kxh7 18. Qxd5 Rc8 19. f4 exf4
20. Bxf4 Qb6+ 21. Kh1 Qxb2 22. Qe4+ Kg8 23. Qxe7 Rxc2 24. Bxd6 Rcc8 25. Rab1
Qxa2 26. Rxb7 Qc4 27. Rbb1 a5 28. h4 Qg4 29. Rf4 Qg6 30. Rbf1 Rce8 31. Qc7
Rc8 32. Qxa5 Qxd6 33. Qh5 Rc1 34. Qf5 Rxf1+ 35. Rxf1 Qe6 36. Qf4 Qh6 37. Qf2
g5 38. g3 gxh4 39. gxh4 Qc6+ 40. Kh2 Qd6+ {Game drawn by mutual agreement}
1/2-1/2

[Event "ICC tourney 1944 (30 5)"]
[Site "Internet Chess Club"]
[Date "2020.08.01"]
[Round "1"]
[White "ChessStar22"]
[Black "DrPatzenGambino"]
[Result "0-1"]
[ICCResult "White checkmated"]
[WhiteElo "1347"]
[BlackElo "1521"]
[Opening "Queen's pawn: Charlick (Englund) gambit"]
[ECO "A40"]
[NIC "QO.17"]
[Time "12:10:18"]
[TimeControl "1800+5"]

1. d4 e5 2. dxe5 Nc6 3. Nf3 f6 4. exf6 Nxf6 5. e3 d5 6. c4 Bg4 7. cxd5 Bb4+
8. Bd2 Nxd5 9. Bxb4 Ncxb4 10. Na3 Qe7 11. Be2 O-O-O 12. Qb3 h5 13. h3 Bxf3
14. Bxf3 g5 15. Bxd5 Nxd5 16. Rc1 Nf4 17. O-O Ne2+ 18. Kh1 Nxc1 19. Rxc1 Kb8
20. Qa4 a6 21. Qa5 g4 22. Qc5 Qg7 23. Qc3 Qf7 24. Qc4 Qd7 25. hxg4 hxg4+ 26.
Kg1 Qh7 27. Kf1 Rd2 28. Ke1 Qd7 29. Qf1 Rd8 30. f4 Rd1+ 31. Rxd1 Qxd1+ 32.
Kf2 g3+ 33. Kg1 Qh5 34. Qf3 Rd1+ 35. Qxd1 Qxd1# {White checkmated} 0-1

[Event "ICC tourney 1944 (30 5)"]
[Site "Internet Chess Club"]
[Date "2020.08.01"]
[Round "1"]
[White "Mandyz"]
[Black "Jeffchess"]
[Result "1-0"]
[ICCResult "Black checkmated"]
[WhiteElo "1535"]
[BlackElo "1407"]
[Opening "Alekhine's defense"]
[ECO "B03"]
[NIC "AL.09"]
[Time "12:10:20"]
[TimeControl "1800+5"]

1. e4 Nf6 2. e5 Nd5 3. d4 e6 4. c4 Bb4+ 5. Bd2 Bxd2+ 6. Nxd2 Ne7 7. Ngf3 d5
8. c5 c6 9. Bd3 b5 10. O-O a5 11. Qc2 h6 12. Rac1 Na6 13. a3 Nc7 14. Nh4 Bd7
15. f4 Qc8 16. Qd1 g6 17. Re1 Kd8 18. Nf1 Ne8 19. Ne3 h5 20. Nf1 Ng7 21. Nd2
Be8 22. Ndf3 Qc7 23. Ng5 Kc8 24. b4 a4 25. Qe2 Kb7 26. Nhf3 Ka6 27. Qc2 Kb7
28. Nd2 Ngf5 29. Ndf3 Qd7 30. Qf2 Ng8 31. Nh4 Nxh4 32. Qxh4 Nh6 33. Nf3 Qd8
34. Ng5 Ra7 35. Qg3 Kb8 36. h3 Bd7 37. Rb1 Rb7 38. Qe3 Nf5 39. Bxf5 exf5 40.
Nxf7 Qe8 41. Nxh8 Be6 42. Qg3 Rg7 43. Nxg6 Rxg6 44. Qh4 Qf7 45. Kh1 Rg8 46.
Qf6 Qg6 47. Qxg6 Rxg6 48. Re3 Kc7 49. Rf1 h4 50. Rff3 Bf7 51. g3 Rh6 52.
gxh4 Rxh4 53. Kh2 Bh5 54. Rf2 Be8 55. e6 Kd8 56. Rg2 Rxf4 57. Rd2 Ke7 58.
Kg3 Rf1 59. Rf2 Rg1+ 60. Kh4 Kf6 61. Rg3 Re1 62. Rf4 Rxe6 63. Rgf3 Bg6 64.
Kg3 Re7 65. h4 Rg7 66. Kh3 Rh7 67. Re3 Bh5 68. Re5 Bg4+ 69. Kg3 Rg7 70. Kf2
Rg6 71. Re8 Kf7 72. Rc8 Kg7 73. Rc7+ Kh6 74. Rd7 Re6 75. Rd6 Rg6 76. Kg3
Be2+ 77. Rxg6+ Kxg6 78. Rf2 Bd3 79. Rh2 Be4 80. Kf4 Kh5 81. Ke5 Kg4 82. h5
f4 83. h6 Bh7 84. Kd6 Kg3 85. Rd2 f3 86. Kxc6 f2 87. Rd1 Kg2 88. Kxb5 f1=N
89. Rxf1 Kxf1 90. c6 Ke2 91. c7 Bf5 92. h7 Kd3 93. h8=Q Be4 94. c8=Q Ke3 95.
Qc3+ Kf2 96. Qh2+ Bg2 97. Qcg3+ Kf1 98. Qhxg2# {Black checkmated} 1-0

[Event "ICC tourney 1944 (30 5)"]
[Site "Internet Chess Club"]
[Date "2020.08.01"]
[Round "1"]
[White "sillytiger"]
[Black "QueenHM"]
[Result "0-1"]
[ICCResult "White forfeits on time"]
[WhiteElo "1244"]
[BlackElo "1317"]
[Opening "King's Indian defense, 3.Nc3"]
[ECO "E61"]
[NIC "EO.64"]
[Time "12:10:20"]
[TimeControl "1800+5"]

1. c4 Nf6 2. Nc3 g6 3. d4 Bg7 4. Bd2 O-O 5. Nf3 d6 6. e3 c5 7. d5 a6 8. Bd3
b5 9. cxb5 axb5 10. Bxb5 Ba6 11. Bxa6 Nxa6 12. O-O Nb4 13. Qe2 Nbxd5 14. Qd3
Nb4 15. Qe2 Qb6 16. a3 Nc6 17. Rab1 Rfb8 18. Rfd1 Ng4 19. h3 Nge5 20. Nxe5
Nxe5 21. Nd5 Qd8 22. Bc3 e6 23. Nf4 d5 24. Nd3 Nxd3 25. Qxd3 c4 26. Qc2 Rb3
27. Bxg7 Kxg7 28. e4 Qg5 29. Qe2 Rxh3 30. Qd2 Qxd2 31. Rxd2 Rd3 32. Rxd3
cxd3 {White forfeits on time} 0-1

[Event "ICC tourney 1944 (30 5)"]
[Site "Internet Chess Club"]
[Date "2020.08.01"]
[Round "1"]
[White "che2468"]
[Black "knighthawkmill"]
[Result "0-1"]
[ICCResult "White checkmated"]
[WhiteElo "1336"]
[BlackElo "1722"]
[Opening "Pirc: Byrne variation"]
[ECO "A45"]
[NIC "PU.09"]
[Time "12:10:23"]
[TimeControl "1800+5"]

1. d4 Nf6 2. Nc3 d6 3. Bg5 g6 4. e4 Bg7 5. Nf3 c6 6. Bd3 b5 7. Qd2 b4 8. Ne2
a5 9. e5 Nd5 10. Nf4 Bg4 11. Nxd5 cxd5 12. Bb5+ Bd7 13. Qe2 h6 14. Bf4 O-O
15. O-O dxe5 16. Nxe5 Bxb5 17. Qxb5 e6 18. Qe2 Qb6 19. Qe3 Kh7 20. Rfd1 f6
21. Ng4 g5 22. Qd3+ f5 23. Be5 Nd7 24. Bxg7 Kxg7 25. Ne5 Nxe5 26. dxe5 Rac8
27. Rac1 Rc6 28. Qe3 Qxe3 29. fxe3 Rfc8 30. Rd2 Rc4 31. Kf2 Re4 32. Rd4 Rxe5
33. Ke2 Rc4 34. Rxc4 dxc4 35. Rd1 Rd5 36. Rxd5 exd5 37. Kd2 Kf6 38. c3 bxc3+
39. Kxc3 Ke5 40. b4 cxb3 41. Kxb3 Ke4 42. Ka4 Kxe3 43. Kxa5 d4 44. Kb6 d3
45. a4 d2 46. a5 d1=Q 47. a6 Qb3+ 48. Ka7 Qf7+ 49. Kb8 Qb3+ 50. Ka8 Qb6 51.
a7 Qc7 52. g4 Qc8# {White checkmated} 0-1

[Event "ICC tourney 1944 (30 5)"]
[Site "Internet Chess Club"]
[Date "2020.08.01"]
[Round "1"]
[White "chessisfunsp"]
[Black "Mapking1"]
[Result "1-0"]
[ICCResult "Black checkmated"]
[WhiteElo "1678"]
[BlackElo "1599"]
[Opening "Sicilian: Alapin's variation (2.c3)"]
[ECO "B22"]
[NIC "SI.46"]
[Time "12:10:18"]
[TimeControl "1800+5"]

1. e4 c5 2. c3 Nf6 3. e5 Nd5 4. d4 d6 5. Nf3 Nc6 6. Bb5 cxd4 7. O-O dxe5 8.
Nxe5 Bd7 9. Bxc6 Bxc6 10. Qf3 Nf6 11. Nxc6 bxc6 12. Qxc6+ Nd7 13. cxd4 g6
14. Nc3 Bg7 15. Bf4 O-O 16. Rad1 Nb6 17. Rfe1 Rc8 18. Qf3 Re8 19. b3 e6 20.
Ne4 Rc2 21. a3 Nd5 22. Be5 Qa5 23. b4 Qb6 24. Nd6 Re7 25. Rc1 Rxc1 26. Rxc1
Rc7 27. Rc5 a5 28. Nc4 Rxc5 29. dxc5 Qb5 30. Nd6 Qd7 31. Bxg7 Kxg7 32. b5
Kg8 33. h4 Kg7 34. b6 Nxb6 35. cxb6 Qxd6 36. Qc3+ e5 37. b7 Qd1+ 38. Kh2 Qd6
39. f4 f6 40. Qc8 e4 41. b8=Q Qxf4+ 42. Qxf4 a4 43. Qd7+ Kg8 44. Qb8#
{Black checkmated}
1-0

[Event "ICC tourney 1944 (30 5)"]
[Site "Internet Chess Club"]
[Date "2020.08.01"]
[Round "1"]
[White "welmo"]
[Black "Vish1080"]
[Result "0-1"]
[ICCResult "White checkmated"]
[WhiteElo "1359"]
[BlackElo "1499"]
[Opening "Sicilian: Labourdonnais-Löwenthal variation"]
[ECO "B32"]
[NIC "SI.32"]
[Time "12:11:13"]
[TimeControl "1800+5"]

1. e4 c5 2. Nf3 Nc6 3. d4 cxd4 4. Nxd4 e5 5. Nf3 Nf6 6. Bd3 h6 7. a3 Bc5 8.
Nc3 O-O 9. O-O d6 10. h3 Nd4 11. Rb1 Be6 12. Bd2 a5 13. Be3 Nxf3+ 14. Qxf3
Bxe3 15. Qxe3 Re8 16. Rfe1 d5 17. exd5 Bxd5 18. Nxd5 Qxd5 19. Be4 Nxe4 20.
Qxe4 Qxe4 21. Rxe4 Rac8 22. c3 f6 23. Ree1 Red8 24. Rbd1 Kf7 25. Kf1 Ke6 26.
Ke2 a4 27. g4 Rd5 28. f3 b5 29. Ke3 Rcd8 30. Rxd5 Rxd5 31. Ke2 Kd6 32. h4 g6
33. Rb1 Kc5 34. Rd1 Rxd1 35. Kxd1 Kc4 36. Kc2 h5 37. gxh5 gxh5 38. Kd2 Kb3
39. Kc1 f5 40. Kb1 e4 41. fxe4 fxe4 42. Kc1 e3 43. Kd1 Kxb2 44. Ke2 Kxc3 45.
Kxe3 b4 46. axb4 a3 47. b5 a2 48. Kf4 a1=Q 49. Kg5 Qa5 50. Kxh5 Qxb5+ 51.
Kg6 Qe8+ 52. Kg5 Kd4 53. h5 Ke5 54. h6 Qg8+ 55. Kh4 Kf4 56. Kh3 Qg3#
{White checkmated}
0-1

[Event "ICC tourney 1944 (30 5)"]
[Site "Internet Chess Club"]
[Date "2020.08.01"]
[Round "1"]
[White "SunnyCountry"]
[Black "CoastalJourney"]
[Result "0-1"]
[ICCResult "White checkmated"]
[WhiteElo "1296"]
[BlackElo "1307"]
[Opening "Scandinavian: Marshall variation"]
[ECO "B01"]
[NIC "SD.03"]
[Time "12:10:20"]
[TimeControl "1800+5"]

1. e4 d5 2. exd5 Nf6 3. d4 Nxd5 4. Nf3 Bg4 5. c4 Nf6 6. Be2 e6 7. O-O Be7 8.
Nc3 O-O 9. h3 Bh5 10. Bg5 Nbd7 11. Qd2 Re8 12. Rfe1 c6 13. a3 Nb6 14. b4
Bxf3 15. gxf3 Nfd7 16. Bxe7 Qxe7 17. c5 Nc8 18. f4 Qh4 19. Bf1 Ne7 20. Kh2
Nf5 21. Ne4 Nf6 22. Nxf6+ Qxf6 23. Rad1 Rad8 24. Re4 Rd7 25. Be2 Red8 26.
Qc1 Rxd4 27. Rexd4 Rxd4 28. Bg4 Rxd1 29. Qxd1 Qd4 30. Qxd4 Nxd4 31. a4 a6
32. Bd1 Kf8 33. Kg1 Ke7 34. Kf1 Kd7 35. Ke1 Kc7 36. Kd2 b6 37. Kd3 Nf5 38.
a5 b5 39. Bg4 Kd7 40. Ke4 g6 41. Ke5 Ke7 42. Bf3 f6+ 43. Ke4 Kd7 44. Kd3 Nh4
45. Bh1 g5 46. fxg5 fxg5 47. Ke3 Ng6 48. Ke4 Nf4 49. Kd4 Nxh3 50. Ke3 Nf4
51. Kd4 Nd5 52. Bxd5 exd5 53. Ke5 h5 54. Kf5 h4 55. Kxg5 h3 56. f4 h2 57. f5
h1=Q 58. f6 Qg2+ 59. Kf5 Qe4+ 60. Kg5 Qe5+ 61. Kg6 Ke6 62. f7 Qf6+ 63. Kh5
Qxf7+ 64. Kg4 Ke5 65. Kg5 Qg7+ 66. Kh4 Kf4 67. Kh5 Qg5# {White checkmated}
0-1

[Event "ICC tourney 1944 (30 5)"]
[Site "Internet Chess Club"]
[Date "2020.08.01"]
[Round "1"]
[White "ChemStud24"]
[Black "shrey16ultimate"]
[Result "0-1"]
[ICCResult "White resigns"]
[WhiteElo "1565"]
[BlackElo "1502"]
[Opening "Caro-Kann: classical, Spassky variation"]
[ECO "B19"]
[NIC "CK.12"]
[Time "12:10:18"]
[TimeControl "1800+5"]

1. e4 c6 2. d4 d5 3. Nc3 dxe4 4. Nxe4 Bf5 5. Ng3 Bg6 6. h4 h6 7. Nf3 Nd7 8.
h5 Bh7 9. Bd3 Bxd3 10. Qxd3 e6 11. Bf4 Qa5+ 12. c3 Ngf6 13. Bd2 Be7 14. c4
Qc7 15. Ne4 O-O 16. g4 Nxg4 17. Neg5 Bxg5 18. Bxg5 hxg5 19. Nxg5 Qa5+ 20.
Qd2 Qxd2+ 21. Kxd2 Ndf6 22. f3 Nh6 23. Rag1 Rad8 24. Kc3 b5 25. Rg2 bxc4 26.
Kxc4 Rd5 27. Ne4 Nxe4 28. fxe4 Rd7 29. Rhg1 f5 30. Rg6 Kh8 31. Rxe6 fxe4 32.
Rxe4 Rf5 33. Re6 Rc7 34. Re8+ Kh7 35. Rh1 Ng4 36. Rg1 Nf6 37. Ra8 Rxh5 38.
Re1 Nd7 39. Ree8 Nb6+ 40. Kc3 Nxa8 41. Rxa8 c5 42. Re8 cxd4+ 43. Kxd4 Rh2
44. Rb8 Rcc2 45. Ke5 Rxb2 46. Kf5 Rxb8 {White resigns} 0-1

[Event "ICC tourney 1944 (30 5)"]
[Site "Internet Chess Club"]
[Date "2020.08.01"]
[Round "1"]
[White "BobbyFissure"]
[Black "ChunkyApple"]
[Result "1-0"]
[ICCResult "Black checkmated"]
[WhiteElo "1433"]
[BlackElo "1276"]
[Opening "Petrov's defense"]
[ECO "C42"]
[NIC "RG.03"]
[Time "12:10:29"]
[TimeControl "1800+5"]

1. e4 e5 2. Nf3 Nf6 3. Nxe5 Nc6 4. Nxc6 dxc6 5. d3 Bc5 6. Be3 Bxe3 7. fxe3
Ng4 8. Qf3 Qg5 9. Kd2 f5 10. exf5 Bxf5 11. h3 Ne5 12. Qf4 Qxf4 13. exf4 Ng6
14. Nc3 Nxf4 15. g4 Bg6 16. Re1+ Kd7 17. Ne4 Ne6 18. c3 Rhf8 19. h4 Bxe4 20.
Rxe4 Rf2+ 21. Re2 Raf8 22. Bh3 Rxe2+ 23. Kxe2 Nf4+ 24. Ke3 Nxh3 25. Rxh3 Kd6
26. d4 Kd5 27. b3 b5 28. Rf3 Rxf3+ 29. Kxf3 h6 30. Kf4 Ke6 31. c4 b4 32. h5
Kf6 33. d5 cxd5 34. cxd5 g5+ 35. Ke4 a6 36. Kd4 Ke7 37. Kc5 Kd7 38. Kxb4 Kd6
39. Kc4 c6 40. dxc6 Kxc6 41. b4 Kb6 42. a4 Kc6 43. b5+ axb5+ 44. axb5+ Kb6
45. Kd5 Kxb5 46. Ke5 Kc6 47. Kf5 Kd7 48. Kg6 Ke7 49. Kg7 Ke6 50. Kxh6 Kf6
51. Kh7 Kf7 52. Kh8 Kf8 53. h6 Kf7 54. Kh7 Kf6 55. Kg8 Ke5 56. h7 Kf4 57.
h8=Q Kxg4 58. Qh2 Kf3 59. Kg7 g4 60. Kg6 g3 61. Qg1 g2 62. Kg5 Kg3 63. Kf5
Kf3 64. Ke5 Kg3 65. Ke4 Kh3 66. Kf4 Kh4 67. Qh2# {Black checkmated} 1-0

[Event "ICC tourney 1944 (30 5)"]
[Site "Internet Chess Club"]
[Date "2020.08.01"]
[Round "1"]
[White "Liopleuradon15"]
[Black "Saragupta"]
[Result "0-1"]
[ICCResult "White checkmated"]
[WhiteElo "1443"]
[BlackElo "1546"]
[Opening "QGD semi-Slav"]
[ECO "D43"]
[NIC "QP.06"]
[Time "12:10:20"]
[TimeControl "1800+5"]

1. Nf3 Nf6 2. d4 d5 3. c4 e6 4. Nc3 c6 5. Bg5 Be7 6. e3 O-O 7. Bd3 dxc4 8.
Bxc4 b5 9. Bd3 Nbd7 10. O-O Bb7 11. e4 a6 12. Re1 c5 13. a3 cxd4 14. Nxd4
Ne5 15. Bc2 Nfg4 16. Bxe7 Qxe7 17. f4 Qh4 18. fxe5 Qxh2+ 19. Kf1 Qh1+ 20.
Ke2 Qxg2+ 21. Kd3 Nf2+ 22. Kd2 Nxd1+ 23. Re2 Qg5+ 24. Kxd1 Qxe5 25. Nf3
Rad8+ 26. Ke1 Qg3+ 27. Rf2 f5 28. Ne2 Qg6 29. exf5 exf5 30. Kf1 Qh5 31. Neg1
g5 32. Rh2 Qg4 33. Bb3+ Bd5 34. Bxd5+ Rxd5 35. Nxg5 Rd1+ 36. Rxd1 Qxd1+ 37.
Kg2 Qd2+ 38. Kh1 Qd5+ 39. Rg2 Kh8 40. N1f3 Rg8 41. Rd2 Qb7 42. Rg2 h6 43.
Kg1 hxg5 44. Rh2+ Kg7 45. Kf2 Rh8 46. Rg2 g4 47. Ne5 Qd5 48. Nxg4 fxg4 49.
Rxg4+ Kf6 50. Rf4+ Kg5 51. Rb4 Rh2+ 52. Ke3 Qe5+ 53. Re4 Re2+ 54. Kxe2 Qxe4+
55. Kd2 Kf4 56. Kc3 Qc4+ 57. Kd2 Ke4 58. b3 Qd3+ 59. Kc1 Ke3 60. Kb2 Kd2 61.
a4 Qc3+ 62. Ka2 bxa4 63. bxa4 Kc2 64. a5 Qb2# {White checkmated} 0-1

[Event "ICC tourney 1944 (30 5)"]
[Site "Internet Chess Club"]
[Date "2020.08.01"]
[Round "1"]
[White "RachanaB"]
[Black "UltimateDL"]
[Result "1/2-1/2"]
[ICCResult "Game drawn by mutual agreement"]
[WhiteElo "1325"]
[BlackElo "1253"]
[Opening "Sicilian: accelerated fianchetto, modern variation"]
[ECO "B34"]
[NIC "SI.33"]
[Time "12:10:34"]
[TimeControl "1800+5"]

1. e4 c5 2. Nf3 Nc6 3. d4 cxd4 4. Nxd4 g6 5. Nc3 Bg7 6. Be3 Nf6 7. Be2 O-O
8. Qd2 d5 9. f3 dxe4 10. fxe4 Nxe4 11. Nxe4 Nxd4 12. Bd3 Nf5 13. O-O-O Nxe3
14. Qxe3 Qa5 15. Kb1 Qe5 16. c3 Bg4 17. Rde1 Bf5 18. h3 b6 19. g4 Bc8 20.
Qf2 Qc7 21. Qh4 Bb7 22. Rhg1 Qd7 23. Bc2 h6 24. Ng3 e6 25. Ne4 Qd8 26. Qg3
Bxe4 27. Bxe4 Rc8 28. h4 Qc7 29. Qe3 Rfd8 30. h5 g5 31. Bc2 Qe5 32. Qf2 Qf6
33. Qg3 Bf8 34. Rgf1 Qg7 35. Rf3 Bd6 36. Qg2 Bf4 37. Qe2 Rd2 38. Qe4 Rcd8
39. Qb7 R2d7 40. Qe4 Rd2 41. Rff1 R2d5 42. Bb3 Rd2 43. Rd1 Rxd1+ 44. Rxd1
Rxd1+ 45. Bxd1 Qh7 46. Bc2 Qxe4 47. Bxe4 f6 48. Kc2 Kf7 49. Kd3 e5 50. Bf5
Ke7 51. Ke4 Kd6 52. c4 Bc1 53. b3 Bb2 54. Bg6 {Game drawn by mutual
agreement} 1/2-1/2

[Event "ICC tourney 1944 (30 5)"]
[Site "Internet Chess Club"]
[Date "2020.08.01"]
[Round "1"]
[White "AkshatSuresh"]
[Black "arock"]
[Result "0-1"]
[ICCResult "White checkmated"]
[WhiteElo "1503"]
[BlackElo "1553"]
[Opening "Ruy Lopez: classical defense, 4.c3"]
[ECO "C64"]
[NIC "RL.01"]
[Time "12:10:19"]
[TimeControl "1800+5"]

1. e4 e5 2. Nf3 Nc6 3. Bb5 Bc5 4. c3 Nf6 5. d3 O-O 6. O-O d6 7. Nbd2 Bg4 8.
h3 Bh5 9. Re1 a6 10. Ba4 b5 11. Bb3 Qd7 12. Nf1 Rfe8 13. Ng3 Bg6 14. Nh4 Kh8
15. Nxg6+ fxg6 16. Bg5 Rf8 17. Qd2 Rae8 18. a4 b4 19. a5 bxc3 20. bxc3 Ne7
21. Ba4 c6 22. d4 exd4 23. cxd4 Ba7 24. d5 Nh5 25. Nh1 Bc5 26. Bxe7 Rxe7 27.
dxc6 Qa7 28. Re2 Ref7 29. Rf1 Qe7 30. Qb2 Qg5 31. Rd2 Nf4 32. g3 Nxh3+ 33.
Kg2 Nf4+ 34. Kg1 Nh5 35. Qc3 Rf3 36. Rd3 R3f7 37. Rd5 Qg4 38. Bd1 Qxe4 39.
Bb3 Rf3 40. Qc2 Qg4 41. Kh2 Nf4 42. Kg1 Rxg3+ 43. Kh2 Rh3# {White
checkmated} 0-1